 Seeded DCSS version 0.29.1-15-g9cfb28693d (webtiles) character file.

Game seed: 16245865983455551772 (custom seed)

4 Psyclone the Conjurer (level 1, 10/10 HPs)
             Began as a Deep Elf Conjurer on Sept 24, 2023.
             Quit the game on level 1 of the Dungeon.
             The game lasted 00:04:00 (125 turns).

Psyclone the Conjurer (Deep Elf Conjurer)            Turns: 125, Time: 00:04:01

Health: 10/10      AC:  2    Str:  4    XL:     1   Next: 50%
Magic:  6/6        EV: 12    Int: 22    God:
Gold:   1089       SH:  0    Dex: 13    Spells: 5/6 levels left

rFire   . . .      SeeInvis .   d - staff of conjuration
rCold   . . .      Faith    .   (no shield)
rNeg    . . .      Spirit   .   a - +0 robe
rPois   .          Reflect  .   (no helmet)
rElec   .          Harm     .   (no cloak)
rCorr   .          Rampage  .   (no gloves)
Will    .....                   (no boots)
Stlth   ++........              (no amulet)
HPRegen 0.03/turn               (no ring)
MPRegen 0.10/turn               (no ring)

@: no status effects
A: no striking features
a: no special abilities


You were on level 1 of the Dungeon.
You visited 1 branch of the dungeon, and saw 1 of its levels.

You collected 1089 gold pieces.

Inventory:

Armour
 a - a +0 robe (worn)
Magical Staves
 d - a staff of conjuration (weapon)
Potions
 b - a potion of magic


   Skills:
 + Level 2.5 Dodging
 + Level 2.5 Stealth
 + Level 3.1 Spellcasting
 + Level 4.4 Conjurations


You had 5 spell levels left.
You knew the following spells:

 Your Spells              Type           Power      Damage    Failure   Level
a - Magic Dart            Conj           100%       1d8       1%          1

Your spell library contained the following spells:

 Spells                   Type           Power      Damage    Failure   Level
 Searing Ray              Conj           68%        2d6       3%          2
 Dazzling Flash           Conj/Hex       38%        N/A       14%         3
 Ignite Poison            Fire/Tmut/Pois 3%         N/A       36%         3
 Spider Form              Tmut/Pois      3%         N/A       36%         3
 Fulminant Prism          Conj/Hex       9%         3d7       43%         4
 Iskenderun's Mystic Bla  Conj/Tloc      19%        2d6       43%         4
 Eringya's Noxious Bog    Tmut/Pois      1%         N/A       100%        6


Dungeon Overview and Level Annotations

Branches:
Dungeon (1/15) Zot: 5875

Altars:


Message History

The magic dart hits the endoplasm.
The endoplasm is severely wounded.
The endoplasm quivers.
You now have 5/6 mp.
Casting: Magic Dart (safe; 1% risk of failure)
Confirm with . or Enter, or press ? or * to list all spells.
Aiming: Magic Dart (safe; 1% risk of failure)
Press: ? - help, Shift-Dir - straight line, f/p - endoplasm
Aim: an endoplasm (severely wounded, 100% to hit)
The magic dart hits the endoplasm.
You kill the endoplasm!
You now have 4/6 mp.
d - 3 scrolls labelled WAC GOIFOFITOUPLEC This is a scroll of acquirement!
You see here the Almanac of Shapes.
Something appears at your feet!
You pick up the Almanac of Shapes and begin reading...
You add the spells Ignite Poison, Spider Form and Eringya's Noxious Bog to your library.
You start resting.
Magic restored.
MP restored: 6 Something appears at your feet!
You now have 1089 gold pieces.
Something appears at your feet!
d - a staff of conjuration (weapon)
You drop a +0 dagger.
Okay, then.
Unknown command.
Unknown command.
Unknown command.
Saving game... please wait.
Welcome back, Psyclone the Deep Elf Conjurer.
Game seed: 16245865983455551772 (custom seed) Press ? for a list of commands and other information.
Okay, then.
You aren't carrying any scrolls.
Casting: Magic Dart (safe; 1% risk of failure)
Confirm with . or Enter, or press ? or * to list all spells.
Okay, then.
Unknown command.
Are you sure you want to abandon this character and quit the game? (Confirm with "yes".)

###.##...#..# .
#...###.# #...#(#..
#..##.##.# #..#...#.. ..
##.##...##.## ...
#..#.....#..#....
#..#.....#..#..
#..@....†.....
#..#..#.)##.#
##..........####..
########.........
##.#####. ##### #####
##### ####..# #...#
#...# #...# #....##
#.♣.# #...# #.>.# #....#
#...###...###...###....#


There were no monsters in sight!

Vanquished Creatures
  An endoplasm (D:1)
  A goblin (D:1)
  A quokka (D:1)
3 creatures vanquished.

Notes
Turn   | Place    | Note
-------+----------+-------------------------------------------
     0 | D:1      | Psyclone the Deep Elf Conjurer began the quest for the Orb.
     0 | D:1      | Reached XP level 1. HP: 10/10 MP: 6/6
    93 | D:1      | Identified 3 scrolls of acquirement
    93 | D:1      | Acquired the Almanac of Shapes
   110 | D:1      | Acquired 1089 gold pieces
   112 | D:1      | Acquired a staff of conjuration
   125 | D:1      | Quit the game

Illustrated notes

Levels and vault maps discovered:
D:1:      minmay_arrival_hallway, layout_loops_corners, basic_ecumenical_altar,
          minmay_unequal

Action                   || total
-------------------------++-------
 Cast: Magic Dart        ||     6
  Use: Scroll            ||     3
Dodge: Dodged            ||     1
